 Dungeon Crawl Stone Soup version 0.31-a0-626-g8143ab4f1d (webtiles) character file.

Game seed: 16270760492585049861

62673 rddays123 the Warrior (level 14, 0/128 HPs)
             Began as a Minotaur Fighter on Aug 24, 2023.
             Was a High Priest of Hepliaklqana.
             Slain by an eight-headed hydra (11 damage)
             ... on level 5 of the Lair of Beasts on Aug 25, 2023.
             The game lasted 01:02:20 (22027 turns).

rddays123 the Warrior (Minotaur Fighter)           Turns: 22027, Time: 01:02:21

Health: 0/128      AC: 33    Str: 25    XL:     14   Next: 65%
Magic:  21/21      EV:  7    Int:  5    God:    Hepliaklqana [*****.]
Gold:   1035       SH:  7    Dex: 17    Spells: 13/13 levels left

rFire   + + +        Q - +3 flail "Ulol" {protect, rElec Dex+4 SInv Stlth-}
rCold   + + .        c - +0 buckler
rNeg    . . .        O - +4 plate armour {rF+}
rPois   +            U - +2 hat {Stlth+}
rElec   +            T - scarf "Qoog" {+Inv, rPois rF++}
rCorr   .            E - +0 pair of gloves
SInv    +            (no boots)
Will    +....        Y - amulet "Fubleydo" {RegenMP rC+ Regen+} Stlth
                     m - ring of protection from cold
HPRegen 1.21/turn    b - ring of Xevudowk {rElec AC+4 Dex+2}
MPRegen 0.57/turn

%: no passive effects
@: under a protective aura
A: reduced essence, horns 2, retaliatory headbutt
a: Renounce Religion, Evoke Invisibility, Recall Ancestor, Ancestor Identity,
Transference, Idealise


You were on level 5 of the Lair of Beasts.
You worshipped Hepliaklqana.
Hepliaklqana was extremely pleased with you.
You visited 3 branches of the dungeon, and saw 20 of its levels.
You also visited: Sewer, Ice Cave and Volcano.

You collected 1607 gold pieces.
You spent 572 gold pieces at shops.

Inventory:

Hand Weapons
 a - a +0 war axe
 D - a +2 whip of flaming
 Q - the +3 flail "Ulol" (weapon) {protect, rElec Dex+4 SInv Stlth-}
   (You found it on level 4 of the Dungeon)

   Dex+4:     It affects your dexterity (+4).
   rElec:     It insulates you from electricity.
   SInv:      It lets you see invisible.
   Stlth-:    It makes you less stealthy.
 R - a -2 demon whip of venom
Missiles
 h - 26 boomerangs
 N - 7 javelins
Armour
 c - a +0 buckler (worn)
 j - a +0 tower shield
 l - a +0 cloak
 E - a +0 pair of gloves (worn)
 O - a +4 plate armour of fire resistance (worn)
 T - the scarf "Qoog" (worn) {+Inv, rPois rF++}
   (You found it on level 11 of the Dungeon)

   rF++:      It greatly protects you from fire.
   rPois:     It protects you from poison
 U - a +2 hat of stealth (worn)
Jewellery
 b - the ring of Xevudowk (right hand) {rElec AC+4 Dex+2}
   (You found it on level 2 of the Lair of Beasts)

   [ring of protection]

   AC+4:      It affects your AC (+4).
   Dex+2:     It affects your dexterity (+2).
   rElec:     It insulates you from electricity.
 m - a ring of protection from cold (left hand)
 n - an amulet of reflection
 w - a ring of poison resistance
 B - a ring of protection from fire
 C - an amulet of regeneration
 M - an amulet of faith
 S - the ring of Ceihipn {EV+5 Slay+2}
   (You found it on level 5 of the Lair of Beasts)

   [ring of evasion]

   EV+5:      It affects your evasion (+5).
   Slay+2:    It affects your accuracy & damage with ranged weapons and melee
   (+2).
 Y - the amulet "Fubleydo" (around neck) {RegenMP rC+ Regen+}
   (You bought it in a shop on level 4 of the Dungeon)

   [amulet of magic regeneration]

   RegenMP:   It increases your rate of magic regeneration.
   rC+:       It protects you from cold.
   Regen+:    It increases your rate of health regeneration.
Wands
 d - a wand of flame (54)
 u - a wand of paralysis (13)
 H - a wand of polymorph (20)
 I - a wand of iceblast (9)
Scrolls
 p - 4 scrolls of revelation
 q - 5 scrolls of enchant weapon
 r - 4 scrolls of immolation
 s - 2 scrolls of blinking
 t - 7 scrolls of fear
 v - a scroll of torment {unknown}
 x - a scroll of silence
 F - 2 scrolls of poison
 G - 3 scrolls of teleportation
 J - 3 scrolls of identify
 K - 2 scrolls of fog {unknown}
 P - 2 scrolls of vulnerability {unknown}
 V - a scroll of brand weapon {unknown}
Potions
 e - a potion of haste
 f - 6 potions of curing
 g - 3 potions of resistance
 i - 3 potions of might
 k - 2 potions of brilliance
 o - 9 potions of lignification
 y - 2 potions of degeneration {unknown}
 z - a potion of invisibility
 A - a potion of enlightenment
 L - 3 potions of cancellation
 W - a potion of mutation
 X - a potion of ambrosia
 Z - 2 potions of heal wounds {unknown}


   Skills:
 + Level 18.2 Fighting
 - Level 17.0 Axes
 + Level 11.0 Armour
 + Level 10.6 Shields
 - Level 10.9 Invocations


You had 13 spell levels left.
You didn't know any spells.
Your spell library contained the following spells:

 Spells                   Type           Power      Damage    Failure   Level
 Freeze                   Ice            0%         1d3       99%         1
 Shock                    Conj/Air       0%         1d3       99%         1
 Poisonous Vapours        Pois/Air       0%         N/A       100%        2
 Sublimation of Blood     Necr           0%         N/A       100%        2
 Frozen Ramparts          Ice            0%         1d1       100%        3
 Hailstorm                Conj/Ice       0%         3d3       100%        3
 Mephitic Cloud           Conj/Pois/Air  0%         N/A       100%        3
 Swiftness                Air            0%         N/A       100%        3
 Airstrike                Air            0%         2d(0-16)  100%        4
 Animate Armour           Summ/Erth      0%         N/A       100%        4
 Petrify                  Tmut/Erth      0%         N/A       100%        4
 Summon Lightning Spire   Summ/Air       0%         N/A       100%        4
 Freezing Cloud           Conj/Ice/Air   0%         6-21      100%        5
 Irradiate                Conj/Tmut      0%         3d11      100%        5
 Lee's Rapid Deconstruct  Erth           0%         3d4*      100%        5


Dungeon Overview and Level Annotations

Branches:
Dungeon (14/15)            Temple (1/1) D:6            Lair (5/5) D:9
  Snake (0/4) Lair:3        Slime (0/5) Lair:5          Orc (0/2) D:11
 Vaults (0/5) D:13          Sewer (visited)           IceCv (visited)
Volcano (visited)
  Swamp: Lair:2-3    Shoals: Lair:2-3

Altars:
Ashenzari
Cheibriados
Dithmenos
Elyvilon
Fedhas
Gozag
Hepliaklqana
Kikubaaqudgha
Makhleb
Nemelex Xobeh
Okawaru
Qazlal
Ru
Sif Muna
Trog
Uskayaw
Vehumet
Wu Jian
Xom
Yredelemnul
Zin
The Shining One

Shops:
D:4 =

Portals:
Trove: D:13 (give 7 scrolls of fear)

Annotations:
Lair:4 3 runed translucent doors, Peulonen's ghost, journeyman TeDe
Lair:5 1 runed translucent door, Pooter's ghost, journeyman MiBe


Innate Abilities, Weirdness & Mutations

Your life essence is reduced to manifest your ancestor. (-10% HP)
You have a pair of horns on your head.
You reflexively headbutt those who attack you in melee.


Message History

You sock the eight-headed hydra!
Your headbutt misses the eight-headed hydra.
The eight-headed hydra is severely wounded.
Something bites Baqqanum!
The eight-headed hydra barely misses you.
You furiously retaliate!
You headbutt the eight-headed hydra. The eight-headed hydra bites you! x3
* * * LOW HITPOINT WARNING * * *
The eight-headed hydra bites you but does no damage.
The eight-headed hydra closely misses you.
The eight-headed hydra barely misses you.
The eight-headed hydra bites you but does no damage.
You hit the eight-headed hydra.
The eight-headed hydra is severely wounded.
Baqqanum hits the elephant with a +0 flail.
The eight-headed hydra closely misses you.
You furiously retaliate!
You headbutt the eight-headed hydra.
The eight-headed hydra bites you but does no damage.
The eight-headed hydra bites you!
* * * LOW HITPOINT WARNING * * *
The eight-headed hydra bites you but does no damage.
You block the eight-headed hydra's attack.
The eight-headed hydra bites you.
* * * LOW HITPOINT WARNING * * *
The eight-headed hydra bites you but does no damage.
The eight-headed hydra bites you.
* * * LOW HITPOINT WARNING * * *
Baqqanum blocks something's attack.
You feel better.
You block the eight-headed hydra's attack.
The eight-headed hydra bites you!
* * * LOW HITPOINT WARNING * * *
The eight-headed hydra barely misses you.
The eight-headed hydra bites you.
* * * LOW HITPOINT WARNING * * *
The eight-headed hydra bites you but does no damage.
You block the eight-headed hydra's attack.
The eight-headed hydra bites you but does no damage.
The eight-headed hydra bites you!
You die...

#......## ######.##....#.##.# # #
#......P# ####......#...
#..###....##### #...##...... .#.#
###...##.# ##.....#.... ..#
#.......####### #.#.......# ..#
##......##.[..# ####....[#. 8.##
##P...#.....<.# #.......# ...#
#.............# #......#.
...###.#.#......@########........
..............##D##...........#.#
##....8....####Y##............###
.##.......## #.R.......#....###
###.8...8.## ##............#.#
###........# #.#.P.........###
##....8....###.P........####
............##.P.........#
...#######......Y...#....##


You could see the friendly Baqqanum the knight, an eight-headed hydra (ally
target) and an elephant.

Vanquished Creatures
  Gastronok (Lair:3)
  4 hydras
  A centaur warrior (D:14)
  2 dancing weapons (D:13)
  A boulder beetle (Lair:3)
  13 death yaks
  Urug (D:10)
  Sonja (D:10)
  Amaemon (D:11)
  4 skysharks
  A deep elf archer (Volcano)
  Pikel (D:6)
  4 deep elf pyromancers (Volcano)
  2 cyclopes (D:14)
  3 ugly things
  6 elephants (Lair:5)
  3 black mambas
  3 ice statues (IceCv)
  An orange demon (D:11)
  6 cane toads
  An unseen horror (D:11)
  4 komodo dragons
  6 rime drakes
  A freezing wraith (D:13)
  A kobold demonologist (D:12)
  A tengu conjurer (D:13)
  An efreet (D:14)
  3 trolls
  A hornet (D:10)
  2 dream sheep (Lair:2)
  A raiju (shapeshifter) (D:13)
  22 blink frogs
  22 slime creatures
  Sigmund (D:5)
  5 shadows
  2 wyverns (Lair:1)
  2 water elementals (D:14)
  4 basilisks
  2 wraiths (D:13)
  20 yaks
  Eustachio (D:6)
  2 steam dragons (D:6)
  2 fire elementals (Volcano)
  3 vampire mosquitoes
  A death yak simulacrum (IceCv)
  2 nagas (Lair:3)
  3 wargs (D:9)
  Edmund (D:4)
  An acid dragon (D:10)
  17 water moccasins
  A hydra simulacrum (IceCv)
  6 hell hounds
  Duvessa (D:6)
  A black bear (Lair:2)
  3 sky beasts
  3 orc warriors
  An ice beast (D:6)
  12 wolves
  An ogre (D:5)
  10 centaurs
  2 phantoms
  2 kobold brigands
  Blork the orc (D:4)
  11 bullfrogs
  A cane toad simulacrum (IceCv)
  5 wights (D:9)
  7 scorpions
  Dowan (D:6)
  4 howler monkeys
  An electric eel (D:14)
  5 hounds
  3 jellies
  6 orc priests
  Crazy Yiuf (D:3)
  A gnoll bouda (Lair:2)
  3 sleepcaps
  Jessica (D:3)
  3 iguanas
  8 orc wizards
  2 wolf simulacra (IceCv)
  A polar bear simulacrum (IceCv)
  5 ogre zombies (D:11)
  A hound skeleton (D:3)
  A hound zombie (D:3)
  11 adders
  7 gnolls
  A river rat (Sewer)
  2 shadow imps (D:5)
  2 ufetubi (D:5)
  5 worms
  4 dart slugs
  30 orcs
  4 bats
  3 endoplasms
  2 giant cockroaches
  14 goblins
  12 hobgoblins
  2 jackals (D:5)
  2 quokkas
  13 ball pythons
  A ball python skeleton (D:3)
  11 frilled lizards
  A goblin skeleton (D:11)
  2 goblin zombies (D:11)
  A hobgoblin skeleton (D:11)
  A hobgoblin zombie (D:11)
  13 kobolds
  3 orc skeletons (D:11)
  9 orc zombies (D:11)
  A quokka zombie (D:3)
  5 rats
471 creatures vanquished.

Vanquished Creatures (collateral kills)
  2 two-headed ogres
  A deep elf pyromancer (Volcano)
  A cyclops (D:13)
  A manticore (D:13)
  An elephant (Lair:5)
  2 cane toads
  A gargoyle (D:14)
  A komodo dragon (D:10)
  A freezing wraith (D:14)
  A blink frog (Lair:1)
  2 slime creatures
  A dire elephant simulacrum (IceCv)
  A yak (Lair:2)
  A wyvern (Lair:2)
  A wraith (D:14)
  2 basilisks
  A steam dragon (D:9)
  2 vampire mosquitoes
  2 water moccasins
  A hell hound (Volcano)
  A black bear (Lair:2)
  A sky beast (D:7)
  3 wolves
  A kobold brigand (D:8)
  A bullfrog (Lair:4)
  2 howler monkeys
  4 orc wizards
  A wolf simulacrum (IceCv)
  An ogre zombie (D:11)
  8 orcs
  A kobold (D:7)
  An orc skeleton (D:11)
  An orc zombie (D:11)
52 creatures vanquished.

Vanquished Creatures (others)
  An ancestor (D:9)
  9 knights
10 creatures vanquished.

Grand Total: 533 creatures vanquished

Notes
Turn   | Place    | Note
-------+----------+-------------------------------------------
     0 | D:1      | rddays123 the Minotaur Fighter began the quest for the Orb.
     0 | D:1      | Reached XP level 1. HP: 19/19 MP: 0/0
   124 | D:1      | Reached XP level 2. HP: 21/27 MP: 1/1
   291 | D:1      | Reached skill level 4 in Fighting
   318 | D:1      | Reached XP level 3. HP: 25/33 MP: 2/2
   904 | D:2      | Reached XP level 4. HP: 31/41 MP: 3/3
  1504 | D:3      | Found a white marble altar of Elyvilon.
  1699 | D:3      | Found a runed translucent door.
  1700 | D:3      | Noticed Crazy Yiuf
  1748 | D:3      | Noticed Jessica
  1752 | D:3      | Noticed a phantom
  1754 | D:3      | Killed Jessica
  1755 | D:3      | Reached XP level 5. HP: 37/47 MP: 4/4
  1780 | D:3      | HP: 1/47 [phantom (3)]
  1964 | D:3      | Killed a phantom
  1965 | D:3      | Reached skill level 5 in Fighting
  1965 | D:3      | Reached skill level 5 in Armour
  1965 | D:3      | Reached skill level 5 in Shields
  2051 | D:3      | Reached XP level 6. HP: 56/56 MP: 5/5
  2317 | D:3      | Killed Crazy Yiuf
  2442 | D:4      | Reached skill level 5 in Axes
  2779 | D:4      | Reached skill level 6 in Fighting
  2779 | D:4      | Reached XP level 7. HP: 53/63 MP: 6/6
  2875 | D:4      | Noticed Blork the orc
  2891 | D:4      | Killed Blork the orc
  3007 | D:4      | Found Emosix's Jewellery Shoppe.
  3190 | D:4      | Noticed Edmund
  3200 | D:4      | Killed Edmund
  3201 | D:4      | Reached skill level 7 in Fighting
  3453 | D:4      | Found a sacrificial altar of Ru.
  3601 | D:4      | Identified the +3 flail "Ulol" {protect, rElec Dex+4 SInv
                  | Stlth-}
  3625 | D:5      | Entered Level 5 of the Dungeon
  3765 | D:5      | Reached XP level 8. HP: 73/73 MP: 7/7
  4127 | D:5      | Found a glowing drain.
  4154 | Sewer    | Entered a sewer
  4323 | Sewer    | Reached skill level 8 in Fighting
  5149 | D:5      | Noticed Sigmund
  5318 | D:6      | Reached skill level 9 in Fighting
  5380 | D:6      | Found a staircase to the Ecumenical Temple.
  5464 | Temple   | Entered the Ecumenical Temple
  5483 | Temple   | Became a worshipper of Hepliaklqana the Forgotten
  5556 | D:6      | Noticed Eustachio
  5817 | D:5      | Killed Sigmund
  5974 | D:6      | Killed Eustachio
  5975 | D:6      | Reached XP level 9. HP: 82/85 MP: 8/8
  6032 | D:6      | Reached skill level 10 in Fighting
  6332 | D:6      | Noticed Pikel
  6343 | D:6      | Killed Pikel
  6344 | D:6      | Reached skill level 10 in Axes
  6427 | D:6      | Noticed Duvessa
  6428 | D:6      | Noticed Dowan
  6433 | D:6      | Killed Duvessa
  6434 | D:6      | Reached skill level 11 in Fighting
  6435 | D:6      | Killed Dowan
  6874 | D:7      | Reached * piety under Hepliaklqana
  7834 | D:7      | Reached skill level 12 in Fighting
  7834 | D:7      | Reached XP level 10. HP: 27/87 MP: 9/9
  9226 | D:9      | Reached skill level 13 in Fighting
  9539 | D:9      | Identified the +1 robe "Oraiwnea" {+Blink rN+ Will-}
  9821 | D:9      | Found a staircase to the Lair.
  9941 | D:9      | Reached ** piety under Hepliaklqana
  9942 | D:9      | Remembered your ancestor Baqqanum as a knight
 10200 | D:10     | Entered Level 10 of the Dungeon
 10273 | D:10     | Noticed Sonja
 10286 | D:10     | Killed Sonja
 10287 | D:10     | Reached skill level 14 in Fighting
 10440 | D:10     | Noticed a two-headed ogre
 10444 | D:10     | Reached XP level 11. HP: 98/99 MP: 10/10
 10453 | D:10     | Killed a two-headed ogre
 10454 | D:10     | Reached skill level 1 in Invocations
 10596 | D:10     | Noticed Urug
 10604 | D:10     | Killed Urug
 11815 | D:11     | Reached *** piety under Hepliaklqana
 11835 | D:11     | Noticed Amaemon
 11919 | D:11     | Killed Amaemon
 12272 | D:11     | Found a staircase to the Orcish Mines.
 12288 | D:11     | Identified the scarf "Qoog" {+Inv, rPois rF++}
 12545 | D:12     | Noticed a two-headed ogre
 12553 | D:12     | Killed a two-headed ogre
 12887 | D:12     | Noticed a boulder beetle
 12931 | D:12     | HP: 4/99 [boulder beetle (41)]
 13212 | D:12     | Reached skill level 5 in Invocations
 13877 | D:12     | Found an ornate altar of the Wu Jian Council.
 14100 | D:13     | Noticed a brown ugly thing
 14111 | D:13     | Killed a brown ugly thing
 14112 | D:13     | Reached XP level 12. HP: 71/105 MP: 13/15
 14215 | D:13     | Found a portal to a secret trove of treasure.
 15271 | D:13     | Found a gate to the Vaults.
 15680 | D:14     | Reached **** piety under Hepliaklqana
 15728 | D:14     | Noticed a centaur warrior
 15752 | D:14     | Killed a centaur warrior
 15955 | D:14     | Reached skill level 15 in Fighting
 16115 | D:14     | Noticed a death knight
 16265 | Lair:1   | Entered Level 1 of the Lair of Beasts
 16446 | Lair:1   | Reached skill level 15 in Axes
 16845 | Lair:1   | Reached XP level 13. HP: 77/114 MP: 18/18
 17242 | D:4      | Bought the amulet "Fubleydo" {RegenMP rC+ Regen+} for 572
                  | gold pieces
 17616 | Lair:2   | Reached ***** piety under Hepliaklqana
 17645 | Lair:2   | Identified the ring of Xevudowk {rElec AC+4 Dex+2}
 17659 | Lair:2   | Found a frozen archway.
 17682 | IceCv    | Entered an ice cave
 17733 | IceCv    | Reached skill level 16 in Fighting
 19323 | Lair:3   | Reached skill level 10 in Invocations
 19482 | Lair:3   | Reached skill level 17 in Fighting
 19675 | Lair:3   | Noticed Gastronok
 19688 | Lair:3   | Killed Gastronok
 19745 | Lair:3   | Found a staircase to the Snake Pit.
 19825 | Lair:3   | You fall into a shaft and drop 2 floors!
 19825 | Lair:5   | Entered Level 5 of the Lair of Beasts
 19827 | Lair:5   | Identified the ring of Ceihipn {EV+5 Slay+2}
 19885 | Lair:4   | Found a dark tunnel.
 19901 | Volcano  | Entered a volcano
 19940 | Volcano  | Reached XP level 14. HP: 126/126 MP: 20/20
 20339 | Lair:4   | Found a runed translucent gate.
 20340 | Lair:4   | Found a runed translucent gate.
 20341 | Lair:4   | Found a runed translucent gate.
 20345 | Lair:4   | Noticed Peulonen's ghost (journeyman TeDe)
 20472 | Lair:4   | Found a shadowy altar of Dithmenos.
 21095 | Lair:5   | Reached skill level 10 in Armour
 21445 | Lair:5   | Reached skill level 10 in Shields
 21616 | Lair:4   | Reached skill level 18 in Fighting
 21720 | Lair:5   | Found a runed translucent door.
 21721 | Lair:5   | Noticed Pooter's ghost (journeyman MiBe)
 21747 | Lair:5   | Found a staircase to the Slime Pits.
 22027 | Lair:5   | Slain by an eight-headed hydra

Illustrated notes

Levels and vault maps discovered:
D:1:      dpeg_arrival_rhombi, layout_basic, minmay_split_cup_small
D:2:      layout_rooms, minmay_goblin_outpost
D:3:      layout_rooms, elyvilon_altar_1, serial_undead, serial_undead_e,
          serial_undead_f, serial_undead_b, serial_undead_d, uniq_jessica,
          uniq_crazy_yiuf_cottage
D:4:      layout_gridville, nicolae_ru_the_path_less_chosen,
          serial_co_window_serial, co_window_cross_1, co_window_cross_1,
          co_window_paths_b, co_window_paths_a, co_window_paths_b,
          co_window_paths_b, co_window_of_opportunity_a, co_window_corner_a,
          co_window_of_opportunity_a, co_window_broadway_c,
          co_window_broadway_c, co_window_corner_b, glass_columns_a,
          nicolae_stop_n_shop_1, uniq_blork_the_orc, uniq_edmund
D:5:      layout_basic, cheibrodos_sewer_entry_bend,
          nicolae_houndstooth_variations, uniq_sigmund
D:6:      layout_gridville, lemuel_temple_firewalk_a, uniq_duvessa, uniq_pikel,
          uniq_eustachio
D:7:      layout_gridville
D:8:      layout_layer_cave
D:9:      layout_loops_ring, erik_lair_orcish_takeover, st_stairs_8,
          minmay_misc_feat_more_columns
D:10:     layout_layer_cave, hex_tiny, uniq_urug, uniq_sonja
D:11:     layout_rooms, zombieorc1_lemuel, uniq_amaemon
D:12:     layout_loops_ring, minivault_26, st_stairs_6, nzn_wu_jian_council_hall
D:13:     layout_irregular_city, erik_vaults_1, nicolae_trove_entry_crossroad
D:14:     layout_roguey, lemuel_coloured_pillars_altar, chequers_big_river,
          kennysheep_generic_room_16
Temple:   nicolae_temple_slightly_damp_pantheon
Lair:1:   layout_chaotic_city
Lair:2:   layout_hall_layers, portal_ice_cave_rime, minmay_hedge_maze,
          dreamdust_gnoll_shepherd
Lair:3:   layout_cave_shapes, elwin_shoals_entry_rooms,
          guppyfry_snake_entry_garden, grunt_forest_large_clearings,
          uniq_rupert, uniq_gastronok
Lair:4:   layout_regular_city, basic_altar, enter_volcano_3,
          gammafunk_ghost_hydra_chop
Lair:5:   grunt_lair_end_beastmaster, layout_misc_corridors,
          nicolae_slime_entry_field_trip, ebering_ghost_funeral_grove,
          grunt_megastairs_4, serial_bayou_shore_a

Skill      XL: |  1  2  3  4  5  6  7  8  9 10 11 12 13 14 |
---------------+-------------------------------------------+-----
Fighting       | 4 5 6 7 9 12 14 15 17 18 | 18.2
Armour         | 4 5 9 11 | 11.0
Shields        | 4 5 8 9 10 | 10.6
Axes           | 3 4 5 7 9 11 13 15 16 17 | 17.0
Invocations    | 5 8 10 | 10.9

Action                     |  1- 3 |  4- 6 |  7- 9 | 10-12 | 13-15 || total
---------------------------+-------+-------+-------+-------+-------++-------
  Melee: War axe           |    60 |   128 |   285 |   545 |   618 ||  1636
         Headbutt          |    10 |    22 |    44 |   122 |   195 ||   393
         Demon whip        |       |       |       |       |    13 ||    13
         Flail             |       |       |       |       |    28 ||    28
 Invoke: Ancestor Life: Kn |       |       |       |     1 |       ||     1
         Recall Ancestor   |       |       |       |     2 |     1 ||     3
         Idealise          |       |       |       |       |     2 ||     2
    Use: Scroll            |       |     3 |     8 |    13 |    10 ||    34
         Potion            |       |     1 |     3 |     3 |     2 ||     9
   Stab: Distracted        |       |       |     2 |     1 |     5 ||     8
         Petrifying        |       |       |       |       |     3 ||     3
 Armour: Scale mail        |    30 |    40 |    43 |    16 |       ||   129
         Steam dragon scal |       |       |    21 |       |       ||    21
         Leather armour    |       |       |    21 |    25 |       ||    46
         Plate armour      |       |       |       |   144 |   466 ||   610
  Dodge: Dodged            |    29 |    42 |    93 |   144 |   166 ||   474
  Block: Buckler           |    17 |    71 |   137 |   201 |   169 ||   595
         Reflection        |       |     3 |     5 |     6 |       ||    14

Table legend: (Time is in decaauts)
 A = Elapsed time spent in this place.
 B = Non-inter-level travel time spent in this place.
 C = Inter-level travel time spent in this place.
 D = Time resting spent in this place.
 E = Time spent auto-exploring this place.
 F = Levels seen in this place.
 G = Mean time per level.
                   A        B        C        D        E       F      G
               +--------+--------+--------+--------+--------+-----+--------+
         Total |  21909 |  20704 |   1205 |   4062 |  11946 |  23 |  952.6 |
       Dungeon |  16123 |  15095 |   1028 |   3503 |   8926 |  14 | 1151.6 |
        Temple |     38 |      1 |     37 |      0 |      0 |   1 |   38.0 |
          Lair |   4823 |   4683 |    140 |    484 |   2699 |   5 |  964.6 |
         Sewer |    414 |    414 |      0 |      0 |    265 |   1 |  414.0 |
      Ice Cave |    287 |    287 |      0 |     75 |      7 |   1 |  287.0 |
       Volcano |    222 |    222 |      0 |      0 |     49 |   1 |  222.0 |
               +--------+--------+--------+--------+--------+-----+--------+

Top non-repeatable levels by time:
     D:5: 1699 daAuts
    D:12: 1547 daAuts
    D:13: 1526 daAuts
  Lair:2: 1513 daAuts
     D:8: 1442 daAuts
     D:4: 1352 daAuts
    D:10: 1344 daAuts
     D:7: 1201 daAuts
     D:9: 1109 daAuts
     D:6: 1055 daAuts
  Lair:4: 1003 daAuts
     D:3: 974 daAuts
  Lair:1: 944 daAuts
  Lair:5: 896 daAuts
    D:11: 765 daAuts
